 Dungeon Crawl Stone Soup version 0.29.0-13-gc9e81de378 (webtiles) character file.

Game seed: 10761587679798080152

5 Strat the Shooter (level 1, 0/12 HPs)
             Began as a Kobold Arcane Marksman on Sept 8, 2022.
             Constricted to death by a ball python (1 damage)
             ... on level 2 of the Dungeon.
             The game lasted 00:00:36 (246 turns).

Strat the Shooter (Kobold Arcane Marksman)           Turns: 246, Time: 00:00:36

Health: 0/12       AC:  2    Str:  7    XL:     1   Next: 88%
Magic:  2/2        EV: 12    Int: 14    God:
Gold:   31         SH:  0    Dex: 15    Spells: 1/2 levels left

rFire   . . .      SeeInvis .   a - +1 sling
rCold   . . .      Faith    .   (no shield)
rNeg    . . .      Spirit   .   c - +0 robe
rPois   .          Reflect  .   (no helmet)
rElec   .          Harm     .   (no cloak)
rCorr   .          Rampage  .   (no gloves)
Will    .....                   (no boots)
Stlth   ++........              (no amulet)
HPRegen 0.04/turn               (no ring)
MPRegen 0.08/turn               (no ring)

@: constricted
A: small, no large weapons, nightstalker 3
a: no special abilities


You were on level 2 of the Dungeon.
You visited 1 branch of the dungeon, and saw 2 of its levels.

You collected 31 gold pieces.

Inventory:

Hand Weapons
 a - a +1 sling (weapon)
Armour
 c - a +0 robe (worn)
Scrolls
 b - a scroll of poison
 d - a scroll of identify {unknown}
 e - 3 scrolls of enchant weapon {unknown}


   Skills:
 + Level 1.4 Fighting
 * Level 3.2 Ranged Weapons
 - Level 2.4 Dodging
 - Level 1.1 Spellcasting
 - Level 3.0 Hexes


You had one spell level left.
You knew the following spells:

 Your Spells              Type           Power      Damage    Failure   Level
a - Slow                  Hex            36%        N/A       8%          1

Your spell library contained the following spells:

 Spells                   Type           Power      Damage    Failure   Level
 Inner Flame              Hex/Fire       4%         N/A       38%         3
 Portal Projectile        Hex/Tloc       8%         N/A       38%         3
 Cause Fear               Hex            4%         N/A       58%         4


Dungeon Overview and Level Annotations

Branches:
Dungeon (2/15)

Altars:


Innate Abilities, Weirdness & Mutations

You are small and have problems with some larger weapons.
You are completely attuned to the shadows.


Message History

The giant cockroach closely misses you.
Fire: a) +1 sling
Press: ? - help, Shift-Dir - straight line, f - giant cockroach
Aim: a giant cockroach (57% to hit)
You shoot a sling bullet.
The sling bullet barely misses the giant cockroach.
You hear a shout!
The giant cockroach closely misses you.
A ball python comes into view.
The giant cockroach bites you.
* * * LOW HITPOINT WARNING * * *
Fire: a) +1 sling
Press: ? - help, Shift-Dir - straight line, f/p - giant cockroach
Aim: a giant cockroach (57% to hit)
You shoot a sling bullet.
The sling bullet hits the giant cockroach but does no damage.
A hobgoblin comes into view.
The giant cockroach misses you. The giant cockroach misses you.
The giant cockroach closely misses you.
You see here a +0 club.
You open the door.
A ball python comes into view.
The giant cockroach completely misses you.
Found a scroll labelled OSYTUU TUFIOBITIO.
The giant cockroach attacks as you move away!
The giant cockroach closely misses you.
There is an open door here.
The hobgoblin attacks as you move away! The hobgoblin hits you.
* * * LOW HITPOINT WARNING * * *
You see here a scroll labelled OSYTUU TUFIOBITIO.
The hobgoblin attacks as you move away! The hobgoblin barely misses you.
Found 3 stones.
The hobgoblin attacks as you move away! The hobgoblin hits you.
* * * LOW HITPOINT WARNING * * *
The hobgoblin attacks as you move away! The hobgoblin closely misses you.
The hobgoblin attacks as you move away! The hobgoblin misses you.
The ball python bites you.
* * * LOW HITPOINT WARNING * * *
The ball python grabs you. The ball python constricts you.
You die...

####)#
###'######
#.........#
#.........#
#......?..#
#.......S.#
........B#
......Sg#
......@#
.....(....
####.....
#.....
#.....


You could see a giant cockroach, a hobgoblin and 2 ball pythons.

Vanquished Creatures
  An endoplasm (D:1)
  2 goblins
  A quokka (D:1)
  A rat (D:1)
5 creatures vanquished.

Notes
Turn   | Place    | Note
-------+----------+-------------------------------------------
     0 | D:1      | Strat the Kobold Arcane Marksman began the quest for the
                  | Orb.
     0 | D:1      | Reached XP level 1. HP: 12/12 MP: 2/2
   201 | D:1      | Found a faded altar of an unknown god.
   246 | D:2      | Constricted to death by a ball python

Illustrated notes

Levels and vault maps discovered:
D:1:      mrwooster_arrival_statue_3, layout_basic,
          shapermc_ecumenical_altar_hornbeckon, item_on_display_a
D:2:      layout_basic, uniq_robin

Skill      XL: |  1 |
---------------+----+-----
Ranged Weapons | 3 |  3.2
Fighting       | |  1.4
Dodging        | |  2.4
Spellcasting   | |  1.1
Hexes          | |  3.0

Action                   || total
-------------------------++-------
 Fire: Sling             ||    15
 Cast: Slow              ||     2
Armor: Robe              ||     1
Dodge: Dodged            ||    13
